 Dungeon Crawl Stone Soup version 0.21.1-1-g345015fe64 (webtiles) character file.

292 LevaFresel the Bolt Thrower (level 6, 0/38 HPs)
             Began as a Kobold Hunter on June 6, 2018.
             Slain by Prince Ribbit (13 damage)
             ... on level 5 of the Dungeon.
             The game lasted 00:11:25 (3806 turns).

LevaFresel the Bolt Thrower (Kobold Hunter)         Turns: 3806, Time: 00:11:26

Health: 0/38       AC:  7    Str: 11    XL:     6   Next: 59%
Magic:  6/6        EV: 12    Int: 12    God:
Gold:   95         SH:  0    Dex: 16    Spells: 5/5 levels left

rFire    . . .     SeeInvis .   b - +0 dagger (venom)
rCold    . . .     Gourm    .   (shield restricted)
rNeg     . . .     Faith    .   q - +0 scale mail
rPois    .         Spirit   .   p - +0 helmet
rElec    .         Reflect  .   (no cloak)
rCorr    .         Harm     .   (no gloves)
MR       .....                  (no boots)
Stlth    +.........             (no amulet)
HPRegen  0.12/turn              (no ring)
MPRegen  0.10/turn              (no ring)

@: no status effects
A: small, carnivore
a: no special abilities


You were on level 5 of the Dungeon.
You were not hungry.

You visited 1 branch of the dungeon, and saw 5 of its levels.

You collected 95 gold pieces.

Inventory:

Hand Weapons
 a - a +1 hand crossbow
 b - a +0 dagger of venom (weapon)
Missiles
 d - 52 bolts
Armour
 p - a +0 helmet (worn)
 q - a +0 scale mail (worn)
Scrolls
 c - a scroll of fear {unknown}
 e - 2 scrolls of teleportation {unknown}
 i - 2 scrolls of remove curse
 n - 3 scrolls of identify {unknown}
Potions
 g - a potion of lignification {unknown}
 h - a potion of heal wounds {unknown}
 j - a potion of flight {unknown}
 k - a potion of might {unknown}
 l - a potion of curing
 m - a potion of haste {unknown}
 o - a potion of berserk rage {unknown}
Comestibles
 f - 8 rations


   Skills:
 + Level 3.6 Fighting
 + Level 2.5 Short Blades
 * Level 6.6 Crossbows
 + Level 1.4 Armour
 + Level 3.8 Dodging
 - Level 1.3 Stealth


You had 5 spell levels left.
You didn't know any spells.

Dungeon Overview and Level Annotations

Branches:
Dungeon (5/15)
 Temple: D:4-7

Altars:
Ashenzari
Cheibriados
Elyvilon
Fedhas
Gozag
Vehumet
Wu Jian
Yredelemnul

Annotations:
D:5 Prince Ribbit


Innate Abilities, Weirdness & Mutations

You are small and have problems with some larger weapons.
You are carnivorous and can eat meat at any time.


Message History

The hound bites you.
The howler monkey zombie closely misses you.
The hound bites you but does no damage.
There is a stone staircase leading up, spattered with blood here.
You see here a tomahawk.
You hit Prince Ribbit.
Prince Ribbit is poisoned.
Prince Ribbit is lightly wounded.
The hound bites you but does no damage. Prince Ribbit hits you.
The howler monkey zombie closely misses you.
A bullfrog skeleton comes into view.
You hit Prince Ribbit.
Prince Ribbit looks as sick as possible!
Prince Ribbit is lightly wounded.
The hound barely misses you. Prince Ribbit hits you!
The bullfrog skeleton moves out of view.
The howler monkey zombie barely misses you.
The hound bites you but does no damage. Prince Ribbit hits you!
* * * LOW HITPOINT WARNING * * *
You feel better. The hound barely misses you. Prince Ribbit hits you!
You die...

#########..####..
#.......#..((.....
#........(###....(
#......h#.....#...
#..........#### ##
#.......####
#....Z.)#
#######)###.###
#......@F...#
#.....÷Zh..##
#.......(..#
############


You could see Prince Ribbit, a hound and a howler monkey zombie.

Vanquished Creatures
  A howler monkey (D:5)
  An orc priest (D:5)
  Jessica (D:2)
  Terence (D:2)
  An orc wizard (D:4)
  Robin (D:2)
  3 adders
  3 gnolls
  A shadow imp (D:5)
  A dart slug (D:1)
  3 leopard geckos
  4 orcs
  6 bats
  A giant cockroach (D:1)
  18 goblins
  7 hobgoblins (D:1)
  2 quokkas
  2 ball pythons
  5 kobolds
  6 rats
68 creatures vanquished.

Vanquished Creatures (others)
  5 toadstools (D:4)
5 creatures vanquished.

Grand Total: 73 creatures vanquished

Notes
Turn   | Place    | Note
-------+----------+-------------------------------------------
     0 | D:1      | LevaFresel the Kobold Hunter began the quest for the Orb.
     0 | D:1      | Reached XP level 1. HP: 12/12 MP: 1/1
   252 | D:1      | Reached skill level 5 in Crossbows
   283 | D:1      | Reached XP level 2. HP: 15/18 MP: 2/2
   467 | D:1      | Reached XP level 3. HP: 20/22 MP: 3/3
  1247 | D:2      | Noticed Robin
  1251 | D:2      | Reached XP level 4. HP: 27/27 MP: 4/4
  1268 | D:2      | Killed Robin
  1276 | D:2      | Reached skill level 1 in Short Blades
  1792 | D:2      | Noticed Jessica
  1800 | D:2      | Killed Jessica
  1800 | D:2      | Reached skill level 6 in Crossbows
  1800 | D:2      | Reached XP level 5. HP: 21/32 MP: 5/5
  1986 | D:2      | Noticed Terence
  2005 | D:2      | Killed Terence
  2005 | D:2      | Reached skill level 1 in Armour
  2059 | D:2      | Found a shattered altar of Ashenzari.
  3017 | D:4      | Found a radiant altar of Vehumet.
  3017 | D:4      | Found a snail-covered altar of Cheibriados.
  3017 | D:4      | Found an opulent altar of Gozag.
  3017 | D:4      | Found a blossoming altar of Fedhas.
  3031 | D:4      | Found an ornate altar of the Wu Jian Council.
  3031 | D:4      | Found a basalt altar of Yredelemnul.
  3032 | D:4      | Found a white marble altar of Elyvilon.
  3240 | D:5      | Entered Level 5 of the Dungeon
  3262 | D:4      | Reached XP level 6. HP: 25/37 MP: 6/6
  3618 | D:5      | Noticed Prince Ribbit
  3806 | D:5      | Slain by Prince Ribbit

Skill      XL: |  1  2  3  4  5 |
---------------+----------------+-----
Crossbows      | 5 6 |  6.6
Dodging        | 3 |  3.8
Short Blades   | 1 2 |  2.5
Fighting       | 3 |  3.6
Armour         | 1 |  1.4
Stealth        | |  1.3

Action                   |  1- 3 |  4- 6 || total
-------------------------+-------+-------++-------
Melee: Whip              |    72 |       ||    72
       Short sword       |     6 |       ||     6
       Dagger            |    30 |   146 ||   176
 Fire: Hand crossbow     |       |     9 ||     9
  Use: Scroll            |       |     1 ||     1
       Potion            |       |     1 ||     1
 Stab: Sleeping          |     3 |       ||     3
  Eat: Chunk             |     4 |     8 ||    12
Armor: Leather armour    |    16 |       ||    16
       Ring mail         |       |    15 ||    15
       Scale mail        |       |    43 ||    43
Dodge: Dodged            |    91 |    95 ||   186
